 Dungeon Crawl Stone Soup version 0.29-a0-350-g7790a0e70a (webtiles) character file.

Game seed: 3802728285321420339

312 spaghetti the Prestidigitator (level 6, 8/44 HPs)
             Began as a Gnoll Wanderer on Apr 22, 2022.
             Quit the game on level 5 of the Dungeon.
             The game lasted 00:06:16 (3103 turns).

spaghetti the Prestidigitator (Gnoll Wanderer)      Turns: 3103, Time: 00:06:17

Health: 8/44       AC:  8    Str: 15    XL:     6   Next: 42%
Magic:  9/9        EV: 11    Int: 12    God:
Gold:   121        SH:  0    Dex:  9    Spells: 9/9 levels left

rFire   + . .      SeeInvis +   q - +1 mace of Gin and Tonic {elec, rF+, mace}
rCold   . . .      Faith    .   (no shield)
rNeg    . . .      Spirit   .   e - +0 leather armour
rPois   +          Reflect  .   p - +1 helmet
rElec   .          Harm     .   r - +0 cloak
rCorr   .          Rampage  .   (no gloves)
Will    .....                   o - +1 pair of boots of Proximity {SInv}
Stlth   +.........              (no amulet)
HPRegen 0.14/turn               l - ring of poison resistance
MPRegen 0.11/turn               (no ring)

@: no status effects
A: fangs 1, strong nose, distributed training
a: no special abilities


You were on level 5 of the Dungeon.
You visited 1 branch of the dungeon, and saw 4 of its levels.

You collected 121 gold pieces.


Innate Abilities, Weirdness & Mutations

You have very sharp teeth.
Your uncanny sense of smell can sniff out nearby items.
Your experience applies equally to all skills.


   Skills:
 + Level 2.0 Fighting
 + Level 2.0 Short Blades
 + Level 2.0 Long Blades
 + Level 2.0 Axes
 + Level 2.0 Maces & Flails
 + Level 2.0 Polearms
 + Level 2.0 Staves
 + Level 2.0 Slings
 + Level 2.0 Bows
 + Level 2.0 Crossbows
 + Level 5.0 Throwing
 + Level 2.0 Armour
 + Level 2.0 Dodging
 + Level 2.0 Stealth
 + Level 2.0 Shields
 + Level 6.8 Unarmed Combat
 + Level 2.0 Spellcasting
 + Level 1.5 Conjurations
 + Level 1.5 Hexes
 + Level 1.5 Summonings
 + Level 1.5 Necromancy
 + Level 1.5 Translocations
 + Level 1.5 Transmutations
 + Level 1.5 Fire Magic
 + Level 1.5 Ice Magic
 + Level 1.5 Air Magic
 + Level 1.5 Earth Magic
 + Level 1.5 Poison Magic
 + Level 2.1 Invocations
 + Level 10.6 Evocations


You had 9 spell levels left.
You didn't know any spells.
Your spell library contained the following spells:

 Spells                   Type           Power      Damage    Failure   Level
 Static Discharge         Conj/Air       4%         N/A       26%         2
 Lightning Bolt           Conj/Air       2%         1d13      99%         5
 Maxwell's Capacitive Co  Air            2%         ∞         100%        8

Inventory:

Hand Weapons
 a - a +0 club {mace}
 q - the +1 mace of Gin and Tonic (weapon) {elec, rF+, mace}
   (You found it on level 2 of the Dungeon)

   It occasionally discharges a powerful burst of electricity upon striking a
   foe.
   rF:        It protects you from fire.
Missiles
 j - 75 stones (quivered) {throwing}
Armour
 e - a +0 leather armour (worn)
 o - the +1 pair of boots of Proximity (worn) {SInv}
   (You found it on level 2 of the Dungeon)

   SInv:      It lets you see invisible.
 p - a +1 helmet (worn)
   (You took it off Robin on level 2 of the Dungeon)
 r - a +0 cloak (worn)
   (You took it off Crazy Yiuf on level 2 of the Dungeon)
Jewellery
 l - a ring of poison resistance (left hand)
   (You found it on level 1 of the Dungeon)
 t - a ring of ice
   (You found it on level 3 of the Dungeon)
Wands
 f - a wand of acid (1)
Scrolls
 b - 3 scrolls of silence {!r}
 c - a scroll of fog
 m - a scroll of identify {@r1}
 u - a scroll of fear
 v - a scroll of immolation {!r!r}
Potions
 d - 2 potions of curing {@q1}
 h - a potion of brilliance
 i - a potion of heal wounds {@q2}
 n - a potion of attraction {unknown}
 s - a potion of cancellation {unknown}
 w - a potion of flight {unknown}

Dungeon Overview and Level Annotations

Branches:
Dungeon (5/15)
 Temple: D:4-7

Altars:

**** *,********** #...* #.. ,<,*
*,**,,,,,..# #...* #.#
**,****,**,****#.# #...* #.#
,,,,,,,,**,****#.#*#...########.#
**,*******,**,,...,,,,#......##.#
,,,* *,*#,*#.#****#.####.##.#
**** #.##.##.######.####.##.. *
#.....oo#!.............# *
***#.o.@lo......###.##..
**#.####.####..###.##..
*,,,,,,#.#**#......#...
*,*,,∆,...,,##.######..
*,*,**.#.##,*#.# ##.
*,*,,#.#..,,,..# #.
*,**,#,##.,,..## #.
*,**,*,**.,...* #.
*,,,,,,**,....* #.


You could see an iguana, an orc wizard and 3 orcs.


Message History

The scorpion stings you. 😕 HP[-5]
You take 5 damage, and now have 35/44 hp.
You hit the scorpion.
Lightning courses through the scorpion!!
You kill the scorpion!
Your Fighting skill increases to level 2!
Your Short Blades skill increases to level 2!
Your Long Blades skill increases to level 2!
Your Axes skill increases to level 2!
Your Maces & Flails skill increases to level 2!
Your Polearms skill increases to level 2!
Your Staves skill increases to level 2!
Your Slings skill increases to level 2!
Your Bows skill increases to level 2!
Your Crossbows skill increases to level 2!
Your Throwing skill increases to level 5!
Your Armour skill increases to level 2!
Your Dodging skill increases to level 2!
Your Stealth skill increases to level 2!
Your Shields skill increases to level 2!
Your Spellcasting skill increases to level 2! 😕 HP[+1]
Things that are here:
a +0 short sword {short}; an orc corpse Key pressed, stopping explore.
j - 71 stones {throwing} (gained 1)
j - 72 stones {throwing} (gained 1)
j - 73 stones {throwing} (gained 1)
j - 75 stones {throwing} (gained 2) Key pressed, stopping explore.
d - 2 potions of curing {@q1} (gained 1)
You now have 121 gold pieces (gained 15).
Key pressed, stopping explore.
Key pressed, stopping explore.
An orc comes into view. It is wielding a +0 mace.
The orc shouts!
You hear a shout! x2
The orc moves out of view.
An orc wizard comes into view.
It is wielding a +0 dagger. 😎 HP[+8] MP[+1]
Your hp is fully restored (44).
Your mp is fully restored (9).
An iguana comes into view.
The iguana hisses angrily.
An orc comes into view. It is wielding a +0 club.
The orc wizard barely misses you.
You barely miss the orc wizard.
You punch the orc wizard, but do no damage.
The orc wizard completely misses you.
An orc comes into view. It is wielding a +0 trident.
You hit the orc wizard. Your bite misses the orc wizard.
The orc wizard barely misses you. The orc closely misses you.
The orc barely misses you. The iguana bites you. The orc closely misses you.
You thump the orc wizard! Your punch misses the orc wizard.
The iguana bites you! The orc closely misses you.
The orc hits you but does no damage.
The orc wizard hits you with a +0 dagger.
You are too injured to fight recklessly!
You are too injured to fight recklessly!
You are too injured to fight recklessly! 😮 HP[-13]
You take 13 damage, and now have 31/44 hp.
MASSIVE DAMAGE!! (PAUSE)
You hit the orc wizard but do no damage.
The iguana bites you!
* * * LOW HITPOINT WARNING * * *
The orc hits you with a +0 club.
* * * LOW HITPOINT WARNING * * *
The orc hits you from afar with a +0 trident!
* * * LOW HITPOINT WARNING * * *
The orc wizard gestures at you while chanting.
You resist with some effort. 😨 HP[-18]
You take 18 damage, and now have 13/44 hp.
MASSIVE DAMAGE!! (PAUSE) Unknown command.
As you read the scroll labelled OMIOCL FOIFF, it crumbles to dust.
You feel aware of your surroundings.
You sensed 1 shop/portal.
It was a scroll of magic mapping.
The orc wizard points at you and mumbles some strange words.
You resist with some effort. The iguana closely misses you.
The orc hits you but does no damage. The orc barely misses you.
As you read the scroll labelled HIRIPSUKEA, it crumbles to dust.
It is a scroll of enchant armour.
Your +0 helmet glows green for a moment.
The orc wizard hits you with a +0 dagger.
* * * LOW HITPOINT WARNING * * *
The iguana bites you but does no damage.
The orc hits you but does no damage. The orc barely misses you. 😱 HP[-2]
You take 2 damage, and now have 11/44 hp.
As you read the scroll labelled INKOTZUFOTI, it crumbles to dust.
It is a scroll of identify.
u - a scroll of fear The orc wizard hits you but does no damage.
The iguana closely misses you. The orc hits you with a +0 club.
* * * LOW HITPOINT WARNING * * *
The orc hits you but does no damage. 😱 HP[-3]
You take 3 damage, and now have 8/44 hp.
Okay, then.
Are you sure you want to abandon this character and quit the game? (Confirm with "yes".)

Skill      XL: |  1  2  3  4  5  6 |
---------------+-------------------+-----
Evocations     | | 10.6
Invocations    | 1 2 |  2.1
Fighting       | 1 2 |  2.0
Short Blades   | 1 2 |  2.0
Long Blades    | 1 2 |  2.0
Axes           | 1 2 |  2.0
Maces & Flails | 1 2 |  2.0
Polearms       | 1 2 |  2.0
Staves         | 1 2 |  2.0
Slings         | 1 2 |  2.0
Bows           | 1 2 |  2.0
Crossbows      | 1 2 |  2.0
Armour         | 1 2 |  2.0
Dodging        | 1 2 |  2.0
Stealth        | 1 2 |  2.0
Shields        | 1 2 |  2.0
Spellcasting   | 1 2 |  2.0
Conjurations   | 1 |  1.5
Hexes          | 1 |  1.5
Summonings     | 1 |  1.5
Necromancy     | 1 |  1.5
Translocations | 1 |  1.5
Transmutations | 1 |  1.5
Fire Magic     | 1 |  1.5
Ice Magic      | 1 |  1.5
Air Magic      | 1 |  1.5
Earth Magic    | 1 |  1.5
Poison Magic   | 1 |  1.5
Throwing       | 5 |  5.0
Unarmed Combat | |  6.8

Action                   |  1- 3 |  4- 6 || total
-------------------------+-------+-------++-------
Melee: Unarmed           |    61 |    70 ||   131
       Bite              |     4 |    10 ||    14
       Mace              |       |    40 ||    40
       Punch             |       |     5 ||     5
Throw: Stone             |    20 |     9 ||    29
Evoke: Wand              |       |     1 ||     1
  Use: Potion            |     4 |     1 ||     5
       Scroll            |       |     3 ||     3
Armor: Leather armour    |     5 |    48 ||    53
       Skin              |    11 |     7 ||    18
Dodge: Dodged            |    22 |    63 ||    85

Levels and vault maps discovered:
D:1:      psy_arrival_statuary, layout_basic, kennysheep_pointless_box
D:2:      layout_basic, uniq_crazy_yiuf_cottage, uniq_terence, uniq_robin
D:3:      layout_basic, serial_shops, shop, hellmonk_ecumenical_altar_blasted
D:5:      layout_loops_cross, serial_shops, shop

Notes
Turn   | Place    | Note
-------+----------+-------------------------------------------
     0 | D:1      | Reached skill level 10 in Evocations
     0 | D:1      | spaghetti the Gnoll Wanderer began the quest for the Orb.
     0 | D:1      | spaghetti set off with the following items: a +0 club
                  | {mace}, a scroll of silence {!r}, a scroll of fog, a potion
                  | of curing {@q1}, a +0 leather armour, a wand of acid (2)
     0 | D:1      | Reached XP level 1. HP: 13/13 MP: 1/1
     0 | D:1      | magus.rc [v1.9.6]
   164 | D:1      | Reached XP level 2. HP: 7/19 MP: 2/2
  1168 | D:1      | Reached XP level 3. HP: 25/25 MP: 3/3
  1268 | D:2      | Identified the +1 pair of boots of Proximity {SInv}
  1273 | D:2      | HP: 4/25 [worm (8)]
  1279 | D:2      | Reached skill level 1 in Invocations
  1349 | D:2      | Noticed Robin
  1363 | D:2      | Reached skill level 1 in Fighting
  1363 | D:2      | Reached skill level 1 in Short Blades
  1363 | D:2      | Reached skill level 1 in Long Blades
  1363 | D:2      | Reached skill level 1 in Axes
  1363 | D:2      | Reached skill level 1 in Maces & Flails
  1363 | D:2      | Reached skill level 1 in Polearms
  1363 | D:2      | Reached skill level 1 in Staves
  1363 | D:2      | Reached skill level 1 in Slings
  1363 | D:2      | Reached skill level 1 in Bows
  1363 | D:2      | Reached skill level 1 in Crossbows
  1363 | D:2      | Reached skill level 1 in Armour
  1363 | D:2      | Reached skill level 1 in Dodging
  1363 | D:2      | Reached skill level 1 in Stealth
  1363 | D:2      | Reached skill level 1 in Shields
  1363 | D:2      | Reached skill level 1 in Spellcasting
  1363 | D:2      | Killed Robin
  1364 | D:2      | Reached XP level 4. HP: 32/32 MP: 5/5
  1551 | D:2      | Noticed Terence
  1566 | D:2      | Killed Terence
  1567 | D:2      | Reached skill level 1 in Conjurations
  1567 | D:2      | Reached skill level 1 in Hexes
  1567 | D:2      | Reached skill level 1 in Summonings
  1567 | D:2      | Reached skill level 1 in Necromancy
  1567 | D:2      | Reached skill level 1 in Translocations
  1567 | D:2      | Reached skill level 1 in Transmutations
  1567 | D:2      | Reached skill level 1 in Fire Magic
  1567 | D:2      | Reached skill level 1 in Ice Magic
  1567 | D:2      | Reached skill level 1 in Air Magic
  1567 | D:2      | Reached skill level 1 in Earth Magic
  1567 | D:2      | Reached skill level 1 in Poison Magic
  2018 | D:2      | Reached XP level 5. HP: 37/37 MP: 6/6
  2382 | D:2      | Found a runed translucent door.
  2383 | D:2      | Noticed Crazy Yiuf
  2395 | D:2      | Killed Crazy Yiuf
  2399 | D:2      | Identified the +1 mace of Gin and Tonic {elec, rF+}
  2686 | D:3      | Found a faded altar of an unknown god.
  2711 | D:3      | You fall into a shaft and drop 2 floors!
  2711 | D:5      | Entered Level 5 of the Dungeon
  2804 | D:5      | You pick up a book of Lightning and begin reading...
  2804 | D:5      | You add the spells Static Discharge, Lightning Bolt and
                  | Maxwell's Capacitive Coupling to your library.
  2812 | D:5      | Noticed a phantom
  2828 | D:5      | HP: 9/37 [phantom (2)]
  2829 | D:5      | HP: 1/37 [orc/+0 short sword (4)]
  2831 | D:5      | Killed a phantom
  2832 | D:5      | Reached skill level 2 in Invocations
  2832 | D:5      | Reached XP level 6. HP: 21/44 MP: 8/8
  2969 | D:5      | Reached skill level 2 in Fighting
  2969 | D:5      | Reached skill level 2 in Short Blades
  2969 | D:5      | Reached skill level 2 in Long Blades
  2969 | D:5      | Reached skill level 2 in Axes
  2969 | D:5      | Reached skill level 2 in Maces & Flails
  2969 | D:5      | Reached skill level 2 in Polearms
  2969 | D:5      | Reached skill level 2 in Staves
  2969 | D:5      | Reached skill level 2 in Slings
  2969 | D:5      | Reached skill level 2 in Bows
  2969 | D:5      | Reached skill level 2 in Crossbows
  2969 | D:5      | Reached skill level 5 in Throwing
  2969 | D:5      | Reached skill level 2 in Armour
  2969 | D:5      | Reached skill level 2 in Dodging
  2969 | D:5      | Reached skill level 2 in Stealth
  2969 | D:5      | Reached skill level 2 in Shields
  2969 | D:5      | Reached skill level 2 in Spellcasting
  3101 | D:5      | HP: 11/44 [orc wizard/+0 dagger (2)]
  3103 | D:5      | Quit the game

Vanquished Creatures
  A phantom (D:5)
  A scorpion (D:5)
  Crazy Yiuf (D:2)
  Terence (D:2)
  Robin (D:2)
  5 adders
  2 worms (D:2)
  A dart slug (D:2)
  An orc (D:5)
  2 ball pythons
  4 bats
  4 endoplasms (D:1)
  A giant cockroach (D:2)
  11 goblins
  4 hobgoblins (D:2)
  4 jackals (D:1)
  7 quokkas
  3 frilled lizards
  4 kobolds
  A rat (D:1)
59 creatures vanquished.

Vanquished Creatures (others)
  A fungus (D:2)
1 creature vanquished.

Grand Total: 60 creatures vanquished

Table legend:
 A = Non-vault XP
 B = Vault XP
 C = Vault XP percentage of total XP
 D = Non-vault monster count
 E = Vault monster count
 F = Vault count percentage of total count
                 A         B        C        D         E       F
            +---------+---------+-------+---------+---------+-------
      Total |     335 |     111 |  24.9 |      45 |      14 |  23.7
            +---------+---------+-------+---------+---------+-------
        D:1 |      34 |       0 |   0.0 |      19 |       0 |   0.0
        D:2 |      77 |     111 |  59.0 |      20 |      14 |  41.2
        D:3 |       1 |       0 |   0.0 |       1 |       0 |   0.0
        D:5 |     223 |       0 |   0.0 |       5 |       0 |   0.0
            +---------+---------+-------+---------+---------+-------

Illustrated notes

Table legend:
 A = Kills in this place as a percentage of kills in entire the game.
 B = Kills by you in this place as a percentage of kills by you in the entire game.
 C = Kills by friends in this place as a percentage of kills by friends in the entire game.
 D = Other kills in this place as a percentage of other kills in the entire game.
 E = Experience gained in this place as a percentage of experience gained in the entire game.
 F = Experience gained in this place divided by the number of levels of this place that you have seen.
                   A       B       C       D       E      F
               +-------+-------+-------+-------+-------+----------------------
         Total | 100.0 | 100.0 |   N/A |   N/A | 100.0 | 111.5
       Dungeon | 100.0 | 100.0 |   N/A |   N/A | 100.0 | 111.5
               +-------+-------+-------+-------+-------+----------------------

Table legend: (Time is in decaauts)
 A = Elapsed time spent in this place.
 B = Non-inter-level travel time spent in this place.
 C = Inter-level travel time spent in this place.
 D = Time resting spent in this place.
 E = Time spent auto-exploring this place.
 F = Levels seen in this place.
 G = Mean time per level.
                   A        B        C        D        E       F      G
               +--------+--------+--------+--------+--------+-----+--------+
         Total |   3096 |   2986 |    110 |    462 |   2106 |   4 |  774.0 |
       Dungeon |   3096 |   2986 |    110 |    462 |   2106 |   4 |  774.0 |
               +--------+--------+--------+--------+--------+-----+--------+

Top non-repeatable levels by time:
     D:2: 1323 daAuts
     D:1: 1241 daAuts
     D:5: 402 daAuts
     D:3: 129 daAuts
